 Dungeon Crawl Stone Soup version 0.18-a0-5-gf1fb587 (webtiles) character file.

238 st0uf the Skirmisher (level 6, 0/57 HPs)
             Began as a Naga Fighter on Oct 31, 2015.
             Slain by a black bear (6 damage)
             ... on level 6 of the Dungeon.
             The game lasted 00:12:33 (2063 turns).

st0uf the Skirmisher (Naga Fighter)                 Turns: 2063, Time: 00:12:33

Health: 0/57       AC:  5    Str: 20 (24) XL:     6   Next: 7%
Magic:  6/6        EV:  6    Int:  9      God:
Gold:   114        SH:  9    Dex: 11      Spells: 0 memorised, 5 levels left

rFire  . . .     SeeInvis +       - Unarmed
rCold  + . .     Clarity  .     a - +0 scale mail
rNeg   . . .     SustAt   .     b - +0 shield
rPois  +         Gourm    .     (no helmet)
rElec  .         Spirit   .     (no cloak)
rCorr  .         Warding  .     (no gloves)
rMut   .         Stasis   .     (no barding)
MR     .....                    (no amulet)
Stlth  ..........               m - ring of flight
                                j - ring of protection from cold

@: mighty, short of breath, very slow, not resistant to hostile enchantments,
extremely unstealthy
A: see invisible, deformed body, poison resistance, slowness 2, slow metabolism
1, spit poison 2, AC +2
a: Spit Poison, Evoke Flight


You were on level 6 of the Dungeon.
You were very hungry.

You visited 1 branch of the dungeon, and saw 4 of its levels.

You collected 114 gold pieces.

Inventory:

Armour
 a - a +0 scale mail (worn)
 b - a +0 shield (worn)
Jewellery
 j - a ring of protection from cold (left hand)
 k - an uncursed ring of sustain attributes
 m - a ring of flight (right hand)
 t - an uncursed ring of wizardry {unknown}
Scrolls
 p - a scroll of remove curse
Potions
 h - a potion of curing
 n - a potion of flight {unknown}
 o - a potion of haste {unknown}
 r - a potion of cancellation {unknown}
Comestibles
 d - 3 bread rations
 g - 2 meat rations


   Skills:
 + Level 3.9 Fighting
 + Level 3.5 Armour
 + Level 1.4 Dodging
 + Level 3.2 Shields
 + Level 3.2 Unarmed Combat


You had 5 spell levels left.
You didn't know any spells.

Dungeon Overview and Level Annotations

Branches:
Dungeon (6/15)
 Temple: D:4-7

Altars:

Annotations:
D:3 Sigmund
D:6 Ijustatesigmund's ghost, novice HaAr


Innate Abilities, Weirdness & Mutations

You cannot wear boots.
Your serpentine skin is tough (AC +2).
You have supernaturally acute eyesight.
Armour fits poorly on your strangely shaped body.
Your system is resistant to poisons.
You cover ground very slowly.
You have a slow metabolism.
You can spit poison.


Message History

You hit the black bear.
The black bear is severely wounded.
The black bear goes berserk!
Press: ? - help, Shift-Dir - straight line, f - black bear
Aim: a black bear (severely wounded, berserk, fast, unusually strong)
The splash of poison hits the black bear.
The black bear is poisoned.
The black bear is almost dead.
You feel slightly more hungry. The black bear bites you!
* * * LOW HITPOINT WARNING * * *
The black bear claws you.
* * * LOW HITPOINT WARNING * * *
The black bear claws you.
* * * LOW HITPOINT WARNING * * *
You block the black bear's attack. The black bear closely misses you.
You block the black bear's attack.
You closely miss the black bear.
The black bear is almost dead.
The black bear bites you.
You die...

..# .. ## # #. . #.
#.# .# ..#..##. .
..... .$. #..#
#..####.# ###
#...Z@hO# ....
#...###Y######$.###
#.. #.#...........$
#...#........[...#
.....#...####?....+
.. #....#..# .....#
. ##.#....####.Z.##
#.#.......+.....
#.........#...###


You could see a black bear (berserk), an ice beast, an ogre and a giant frog
skeleton.

Vanquished Creatures
  Menkaure (D:6)
  A giant frog skeleton (D:6)
  2 adders
  A shadow imp (D:6)
  A worm (D:3)
  A giant gecko (D:3)
  4 bats
  2 giant cockroaches
  7 goblins
  7 hobgoblins
  8 jackals
  A quokka (D:2)
  A giant cockroach zombie (D:6)
  3 giant newts
  12 kobolds
  6 rats
58 creatures vanquished.

Notes
Turn   | Place    | Note
--------------------------------------------------------------
     0 | D:1      | st0uf the Naga Fighter began the quest for the Orb.
     0 | D:1      | Reached XP level 1. HP: 21/21 MP: 1/1
   142 | D:1      | Reached XP level 2. HP: 17/28 MP: 2/2
   680 | D:1      | Reached XP level 3. HP: 23/34 MP: 3/3
  1632 | D:2      | Reached XP level 4. HP: 40/42 MP: 4/4
  1965 | D:3      | Noticed Sigmund
  1978 | D:3      | You fall through a shaft for 3 floors!
  2007 | D:6      | Reached skill level 1 in Dodging
  2016 | D:6      | Noticed Menkaure
  2020 | D:6      | Noticed a black bear
  2026 | D:6      | Noticed an ogre
  2041 | D:6      | Noticed an ice beast
  2041 | D:6      | Noticed Ijustatesigmund's ghost (novice HaAr)
  2041 | D:6      | HP: 2/42 [Menkaure (9)]
  2042 | D:6      | Killed Menkaure
  2042 | D:6      | Reached XP level 5. HP: 2/50 MP: 5/5
  2042 | D:6      | Reached XP level 6. HP: 2/57 MP: 6/6
  2063 | D:6      | Slain by a black bear

Vault maps used:
D:1:      lightli_arrival_statuegarden
D:2:      first_bread, minmay_ruptured
D:3:      lemuel_zombie_altar_kikubaaqudgha, uniq_sigmund,
          uniq_crazy_yiuf_cottage
D:6:      uniq_menkaure

Action                   |  1- 3 |  4- 6 || total
-------------------------+-------+-------++-------
Melee: Unarmed           |   196 |    67 ||   263
 Abil: Spit Poison       |    25 |    12 ||    37
  Use: Scroll            |       |     4 ||     4
       Potion            |       |     4 ||     4
  Eat: Chunk             |     3 |     1 ||     4
